 Dungeon Crawl Stone Soup version 0.28-a0-750-g7c675f85b1 (webtiles) character file.

Game seed: 14356386891326229476

114 ytrimaz the Shield-Bearer (level 4, -6/33 (35) HPs)
             Began as a Demonspawn Fighter on Oct 30, 2021.
             Mangled by Crazy Yiuf (8 damage)
             ... on level 2 of the Dungeon.
             The game lasted 00:05:53 (1225 turns).

ytrimaz the Shield-Bearer (Demonspawn Fighter)      Turns: 1225, Time: 00:05:54

HP:   -6/33 (35)    AC:  7    Str: 18    XL:     4   Next: 67%
MP:   4/4           EV: 10    Int:  9    God:
Gold: 35            SH:  4    Dex: 12    Spells: 3/3 levels left

rFire   . . .      SeeInvis .   a - +0 rapier
rCold   . . .      Faith    .   c - +0 buckler
rNeg    . . .      Spirit   .   b - +1 scale mail
rPois   .          Reflect  .   (no helmet)
rElec   .          Harm     .   (no cloak)
rCorr   .          Rampage  .   (no gloves)
Will    .....                   (no boots)
Stlth   ..........              (no amulet)
HPRegen 0.11/turn               (no ring)
MPRegen 0.18/turn               (no ring)

@: drained
A: spiny 1, magic regeneration
a: no special abilities


You were on level 2 of the Dungeon.
You visited 1 branch of the dungeon, and saw 2 of its levels.

You collected 35 gold pieces.

Inventory:

Hand Weapons
 a - a +0 rapier (weapon)
Armour
 b - a +1 scale mail (worn)
 c - a +0 buckler (worn)
Scrolls
 f - a scroll of enchant weapon
 h - a scroll of fog {unknown}
 j - 2 scrolls of vulnerability {unknown}
 k - a scroll of teleportation {unknown}
Potions
 d - a potion of might
 g - a potion of berserk rage


   Skills:
 - Level 3.0 Fighting
 - Level 1.7 Short Blades
 + Level 3.6 Armour
 * Level 1.9 Dodging
 + Level 3.6 Shields


You had 3 spell levels left.
You didn't know any spells.
Your spell library was empty.

Dungeon Overview and Level Annotations

Branches:
Dungeon (2/15)

Altars:

Annotations:
D:2 Crazy Yiuf


Innate Abilities, Weirdness & Mutations

You are partially covered in sharp spines.
You regenerate magic rapidly.


Message History

The dart slug misses you.
You hit the dart slug.
You kill the dart slug!
Found a scroll labelled OTHAKH ZYONU.
j - 2 scrolls labelled OTHAKH ZYONU (gained 1)
You see here 5 bolts.
You see here a rat skeleton.
You see here a hobgoblin skeleton.
You see here a hobgoblin skeleton.
You see here a potion of degeneration.
There is an open door here.
Crazy Yiuf shouts!
Could not explore, unopened runed door.
Could not explore, unopened runed door.
Could not explore, unopened runed door.
As you open the door, it creaks loudly!
You hit Crazy Yiuf but do no damage. Crazy Yiuf is struck by your spines.
Crazy Yiuf closely misses you.
You hit Crazy Yiuf.
Crazy Yiuf is heavily wounded.
Crazy Yiuf yells, "Key tea return to song!"
Crazy Yiuf hits you with a +4 quarterstaff of chaos!
Crazy Yiuf freezes you.
You hit Crazy Yiuf but do no damage.
Crazy Yiuf is heavily wounded.
Crazy Yiuf is struck by your spines.
Crazy Yiuf hits you with a +4 quarterstaff of chaos!
You feel drained.
You hit Crazy Yiuf.
Crazy Yiuf is severely wounded.
Crazy Yiuf is struck by your spines.
Crazy Yiuf hits you with a +4 quarterstaff of chaos!
* * * LOW HITPOINT WARNING * * *
Crazy Yiuf burns you.
* * * LOW HITPOINT WARNING * * *
Okay, then.
You barely miss Crazy Yiuf.
Crazy Yiuf is almost dead.
Crazy Yiuf hits you with a +4 quarterstaff of chaos!
You die...

######### ..(.##..#
....##..##♣♣ ###
.....#.....♣♣ ♣♣#..)#
.....#......♣♣♣♣@g...#
.....'.......♣..♣#...#
....##......♣.♣♣♣ ###
##.#######♣♣♣♣♣ #.####
##.##.#######
........>...##
...##...##...#
##....#.##...#


You could see Crazy Yiuf.

Vanquished Creatures
  An iguana (D:2)
  A gnoll (D:1)
  2 adders (D:2)
  A worm (D:2)
  4 dart slugs
  5 ball pythons
  7 bats
  3 endoplasms
  4 giant cockroaches
  4 goblins
  7 hobgoblins
  2 quokkas (D:1)
  A frilled lizard (D:1)
  A kobold (D:2)
  8 rats
51 creatures vanquished.

Notes
Turn   | Place    | Note
-------+----------+-------------------------------------------
     0 | D:1      | ytrimaz the Demonspawn Fighter began the quest for the Orb.
     0 | D:1      | Reached XP level 1. HP: 18/18 MP: 1/1
    45 | D:1      | Gained mutation: You regenerate magic rapidly. [demonic
                  | ancestry]
    45 | D:1      | Reached XP level 2. HP: 24/24 MP: 2/2
   146 | D:1      | Reached skill level 1 in Dodging
   311 | D:1      | Gained mutation: You are partially covered in sharp spines.
                  | [demonic ancestry]
   311 | D:1      | Reached XP level 3. HP: 29/29 MP: 3/3
   791 | D:2      | Reached XP level 4. HP: 35/35 MP: 4/4
  1054 | D:2      | Found a runed translucent door.
  1055 | D:2      | Noticed Crazy Yiuf
  1224 | D:2      | HP: 1/33 [Crazy Yiuf (2)]
  1225 | D:2      | Mangled by Crazy Yiuf

Illustrated notes

Levels and vault maps discovered:
D:1:      tarquinn_simple_flora_water_b, layout_rooms
D:2:      layout_basic, st_stairs_4, grunt_ministairs_13,
          grunt_decor_one_mirror, chequers_serial_rivers_micro_c,
          uniq_crazy_yiuf_cottage

Skill      XL: |  1  2 |
---------------+-------+-----
Armour         | 3 |  3.6
Shields        | 3 |  3.6
Dodging        | 1 |  1.9
Fighting       | |  3.0
Short Blades   | |  1.7

Action                   |  1- 3 |  4- 6 || total
-------------------------+-------+-------++-------
Melee: Rapier            |   100 |    27 ||   127
  Use: Scroll            |     2 |     3 ||     5
Armor: Scale mail        |    54 |    10 ||    64
Dodge: Dodged            |    57 |    20 ||    77
Block: Buckler           |    28 |     5 ||    33

Table legend: (Time is in decaauts)
 A = Elapsed time spent in this place.
 B = Non-inter-level travel time spent in this place.
 C = Inter-level travel time spent in this place.
 D = Time resting spent in this place.
 E = Time spent auto-exploring this place.
 F = Levels seen in this place.
 G = Mean time per level.
                   A        B        C        D        E       F      G
               +--------+--------+--------+--------+--------+-----+--------+
         Total |   1242 |   1222 |     20 |      0 |    832 |   2 |  621.0 |
       Dungeon |   1242 |   1222 |     20 |      0 |    832 |   2 |  621.0 |
               +--------+--------+--------+--------+--------+-----+--------+

Top non-repeatable levels by time:
     D:2: 644 daAuts
     D:1: 598 daAuts
